 Dungeon Crawl Stone Soup version 0.32-a0-842-gbbb8fdbe59 (webtiles) character file.

Game seed: 3810081464946184799

1387760 NormalPerson7 the Cryomancer (level 25, 45/134 HPs)
             Began as a Felid Fire Elementalist on Mar 26, 2024.
             Was the Champion of Vehumet.
             Escaped with the Orb
             ... and 3 runes on Mar 27, 2024!
             The game lasted 05:53:23 (99332 turns).

NormalPerson7 the Cryomancer (FeFE)                Turns: 99332, Time: 05:53:23

Health: 45/134     AC:  3    Str:  6      XL:     25   Next: 36%
Magic:  27/46      EV: 31    Int: 24 (25) God:    Vehumet [******]
Gold:   6156       SH:  5    Dex: 18 (19) Spells: 2/60 levels left
                                        Lives:  1   Deaths: 3

rFire   + . .        (weapon unavailable)
rCold   + + .        (shield unavailable)
rNeg    . . .        (body armour unavailable)
rPois   +            (helmet unavailable)
rElec   +            (cloak unavailable)
rCorr   .            (gloves unavailable)
SInv    +            (boots unavailable)
Will    +++++        a - amulet of Midnight {Reflect rElec Str+2 SH+5}
Stlth   ++           A - ring of protection from fire
HPRegen 0.42/turn    L - ring "Moakam" {rPois Will++ Stlth+}
MPRegen 0.30/turn

%: random rage (9%), reflection
@: no status effects
A: very small, claws 1, fangs 3, see invisible, shaggy fur 3, stealthy paws, no
weapons or thrown items, no armour, multi-lived, berserk 2, cold resistance 1,
deterioration 1, dopey 2, frail 1, subdued magic 2, inability to drink after
injury 1
0: Orb of Zot
}: 3/15 runes: decaying, slimy, gossamer
a: Renounce Religion


You escaped.
You worshipped Vehumet.
Vehumet was exalted by your worship.
You visited 11 branches of the dungeon, and saw 52 of its levels.
You also visited: Trove, Gauntlet and Ice Cave.

You collected 8956 gold pieces.
You spent 2800 gold pieces at shops.

Inventory:

Jewellery
 a - the amulet of Midnight (around neck) {Reflect rElec Str+2 SH+5}
   (You found it in a treasure trove)

   [amulet of reflection]

   Reflect:   It reflects blocked missile attacks.
   Str+2:     It affects your strength (+2).
   rElec:     It insulates you from electricity.
   SH+5:      It affects your SH (+5).
 g - the ring of Xom, Shimmering {rCorr Dex+6 Slay+3}
   (You found it on level 5 of the Pits of Slime)

   [ring of dexterity]

   Dex+6:     It affects your dexterity (+6).
   Slay+3:    It affects your accuracy & damage with ranged weapons and melee
   (+3).
   rCorr:     It protects you from acid and corrosion.
 n - a +6 ring of dexterity
 r - a ring of positive energy
 w - an amulet of guardian spirit
 A - a ring of protection from fire (left paw)
 C - a +6 ring of strength
 F - a ring of protection from fire
 G - a ring of wizardry
 H - the amulet of the Special Xeniums {Reflect Will+ rCorr SH+5 Stlth+}
   (You found it on level 5 of the Pits of Slime)

   [amulet of reflection]

   Reflect:   It reflects blocked missile attacks.
   Will+:     It increases your willpower.
   rCorr:     It protects you from acid and corrosion.
   SH+5:      It affects your SH (+5).
   Stlth+:    It makes you more stealthy.
 J - the ring "Zuvvepis" {rElec rN+ Will+ Str+2 Dex-4, eff. EV-2}
   (You found it in a Gauntlet)

   [ring of positive energy]

   Str+2:     It affects your strength (+2).
   Dex-4:     It affects your dexterity (-4).
   rElec:     It insulates you from electricity.
   rN+:       It protects you from negative energy.
   Will+:     It increases your willpower.
 L - the ring "Moakam" (right paw) {rPois Will++ Stlth+}
   (You found it on level 5 of the Pits of Slime)

   [ring of poison resistance]

   rPois:     It protects you from poison.
   Will++:    It greatly increases your willpower.
   Stlth+:    It makes you more stealthy.
 N - the amulet of the Will of the Gods {rPois RegenMP+ Stlth+}
   (You acquired it on level 2 of the Orcish Mines)

   [amulet of magic regeneration]

   It increases your rate of magic regeneration.
   rPois:     It protects you from poison.
   Stlth+:    It makes you more stealthy.
   RegenMP+:  It increases your rate of magic regeneration.
 P - a ring of poison resistance
 Q - the ring of Miven {rPois Will- MP+9 AC+4 SInv}
   (You took it off a minotaur in a Gauntlet)

   [ring of protection]

   AC+4:      It affects your AC (+4).
   rPois:     It protects you from poison.
   Will-:     It decreases your willpower.
   MP+9:      It affects your magic capacity (+9).
   SInv:      It lets you see invisible.
 S - an amulet of reflection
Wands
 b - a wand of roots (26)
 l - a wand of charming (36)
 D - a wand of mindburst (33)
 K - a wand of acid (4)
 V - a wand of polymorph (25)
Scrolls
 e - 5 scrolls of fear
 j - 6 scrolls of immolation
 k - 8 scrolls of vulnerability
 o - 4 scrolls of fog
 t - 31 scrolls of teleportation
 u - 3 scrolls of butterflies {!r}
 x - 6 scrolls of blinking
 I - a scroll of silence
 O - 5 scrolls of poison
 T - a scroll of revelation
Potions
 c - 4 potions of cancellation
 d - 6 potions of ambrosia
 f - 4 potions of haste
 h - 12 potions of heal wounds
 i - 3 potions of brilliance
 m - 6 potions of might
 p - 9 potions of enlightenment
 q - 21 potions of curing
 s - 3 potions of resistance
 v - 12 potions of attraction
 y - 6 potions of berserk rage
 z - 2 potions of magic
 B - a potion of invisibility
 E - 9 potions of lignification
 Z - 4 potions of mutation
Miscellaneous
 M - a lightning rod (4/4)
 R - a sack of spiders
 U - a tin of tremorstones (2/2)
 W - a phantom mirror
 Y - a phial of floods


   Skills:
 - Level 21.0 Fighting
 + Level 18.6 Dodging
 - Level 10.0 Stealth
 - Level 18.0 Spellcasting
 - Level 14.0 Conjurations
 - Level 2.0 Translocations
 - Level 17.0 Fire Magic
 - Level 21.0 Ice Magic
 - Level 9.0 Air Magic
 - Level 11.0 Earth Magic
 - Level 8.0 Evocations


You had 2 spell levels left.
You knew the following spells:

 Your Spells              Type           Power      Damage    Failure   Level
b - Plasma Beam           Fire/Air       25%        2x1d38    1%          6
c - Iskenderun's Mystic   Conj/Tloc      37%        2d9       1%          4
d - Lee's Rapid Deconstr  Erth           23%        3d13*     1%          5
e - Permafrost Eruption   Ice/Erth       28%        2x4d9     1%          6
i - Ignition              Fire           29%        3d9       2%          8
s - Fireball              Conj/Fire      28%        3d12      0%          5
t - Starburst             Conj/Fire      28%        6d9       1%          6
z - Orb of Destruction    Conj           26%        9d9       1%          7
V - Polar Vortex          Ice            33%        12d4*     9%          9
X - Blink                 Tloc           38%        N/A       1%          2

Your spell library contained the following spells:

 Spells                   Type           Power      Damage    Failure   Level
 Foxfire                  Conj/Fire      100%       2x1d9     0%          1
 Freeze                   Ice            100%       1d10      0%          1
 Magic Dart               Conj           100%       1d8       0%          1
 Sandblast                Erth           92%        2d19      0%          1
 Shock                    Conj/Air       100%       1d9       0%          1
 Ensorcelled Hibernation  Hex/Ice        90%        N/A       0%          2
 Scorch                   Fire           100%       2d9       0%          2
 Searing Ray              Conj           100%       2d8       0%          2
 Necrotise                Necr           52%        1d6       1%          1
 Slow                     Hex            52%        N/A       1%          1
 Sting                    Conj/Alch      100%       1d9       1%          1
 Summon Small Mammal      Summ           52%        N/A       1%          1
 Call Imp                 Summ           26%        N/A       1%          2
 Cigotuvi's Dreadful Rot  Necr/Alch/Air  44%        N/A       1%          2
 Lesser Beckoning         Tloc           38%        N/A       1%          2
 Mercury Vapours          Alch/Air       54%        N/A       1%          2
 Momentum Strike          Conj/Tloc      74%        3d10      1%          2
 Sublimation of Blood     Necr           13%        N/A       1%          2
 Hailstorm                Conj/Ice       60%        3d11      0%          3
 Ozocubu's Armour         Ice            66%        N/A       0%          3
 Passwall                 Erth           46%        N/A       0%          3
 Stone Arrow              Conj/Erth      100%       3d13      0%          3
 Flame Wave               Conj/Fire      56%        2d13      0%          4
 Dazzling Flash           Conj/Hex       68%        N/A       1%          3
 Gell's Gravitas          Tloc           19%        N/A       1%          3
 Inner Flame              Hex/Fire       39%        N/A       1%          3
 Mephitic Cloud           Conj/Alch/Air  36%        N/A       1%          3
 Summon Ice Beast         Ice/Summ       45%        N/A       1%          3
 Swiftness                Air            40%        N/A       1%          3
 Teleport Other           Tloc           19%        N/A       1%          3
 Volatile Blastmotes      Fire/Tloc      84%        2d17      1%          3
 Airstrike                Air            20%        2d(3-19)  1%          4
 Brom's Barrelling Bould  Conj/Erth      50%        2d7       1%          4
 Fulminant Prism          Conj/Alch      17%        3d10      1%          4
 Ignite Poison            Fire/Alch      39%        N/A       1%          4
 Leda's Liquefaction      Alch/Erth      15%        N/A       1%          4
 Petrify                  Alch/Erth      30%        N/A       1%          4
 Sticky Flame             Fire/Alch      39%        2d8       1%          4
 Summon Blazeheart Golem  Fire/Summ      39%        N/A       1%          4
 Summon Lightning Spire   Summ/Air       27%        N/A       1%          4
 Vhi's Electric Charge    Tloc/Air       60%        N/A       1%          4
 Arcjolt                  Conj/Air       24%        1d34      1%          5
 Freezing Cloud           Conj/Ice/Air   27%        6-21      1%          5
 Irradiate                Conj/Alch      17%        3d17      1%          5
 Iskenderun's Battlesphe  Conj           53%        2d10      1%          5
 Metabolic Englaciation   Hex/Ice        22%        N/A       1%          5
 Bombard                  Conj/Erth      25%        9d5       1%          6
 Conjure Ball Lightning   Conj/Air       24%        3x3d7     1%          6
 Ozocubu's Refrigeration  Ice            33%        4d14      1%          7
 Sculpt Simulacrum        Ice/Alch       22%        N/A       2%          6
 Call Canine Familiar     Summ           13%        N/A       4%          3
 Confusing Touch          Hex            13%        N/A       4%          3
 Fugue of the Fallen      Necr           13%        N/A       4%          3
 Tukima's Dance           Hex            13%        N/A       4%          3
 Vampiric Draining        Necr           13%        2d6       4%          3
 Olgreb's Toxic Radiance  Alch           13%        N/A       4%          4
 Borgnjor's Vile Clutch   Necr/Erth      15%        N/A       4%          5
 Manifold Assault         Tloc           19%        N/A       6%          4
 Passage of Golubria      Tloc           19%        N/A       6%          4
 Silence                  Hex/Air        13%        N/A       6%          5
 Yara's Violent Unravell  Hex/Alch       6%         3d5       13%         5
 Anguish                  Hex/Necr       6%         N/A       16%         4
 Animate Dead             Necr           13%        N/A       16%         4
 Cause Fear               Hex            6%         N/A       16%         4
 Dispel Undead            Necr           13%        3d9       16%         4
 Martyr's Knell           Necr/Summ      13%        N/A       16%         4
 Lehudib's Crystal Spear  Conj/Erth      25%        10d7      17%         8
 Spellforged Servitor     Conj/Summ      17%        N/A       22%         7
 Summon Forest            Summ/Tloc      8%         N/A       30%         5
 Alistair's Intoxication  Alch           8%         N/A       45%         5
 Curse of Agony           Necr           13%        N/A       45%         5
 Summon Mana Viper        Hex/Summ       13%        N/A       45%         5
 Eringya's Noxious Bog    Alch           6%         4d6       56%         6
 Maxwell's Capacitive Co  Air            20%        ∞         58%         8
 Fire Storm               Conj/Fire      28%        8d7       61%         9
 Summon Cactus Giant      Summ           6%         N/A       96%         6
 Chain Lightning          Conj/Air       24%        3d32      98%         9
 Shatter                  Erth           23%        3d20*     99%         9
 Enfeeble                 Hex            6%         N/A       100%        7
 Haunt                    Necr/Summ      6%         N/A       100%        7
 Monstrous Menagerie      Summ           6%         N/A       100%        7
 Summon Hydra             Summ           6%         N/A       100%        7
 Discord                  Hex            6%         N/A       100%        8
 Infestation              Necr           6%         N/A       100%        8
 Dragon's Call            Summ           6%         N/A       100%        9
 Animate Armour           Summ/Erth      Unusable   N/A       N/A         4
 Dimensional Bullseye     Hex/Tloc       Unusable   N/A       N/A         4

Dungeon Overview and Level Annotations

Branches:
Dungeon (15/15)            Temple (1/1) D:6            Lair (5/5) D:10
  Swamp (4/4) Lair:3       Spider (4/4) Lair:2        Slime (5/5) Lair:5
    Orc (2/2) D:10            Elf (3/3) Orc:2        Vaults (4/5) D:13
  Crypt (0/3) Vaults:3     Depths (4/4) D:15            Zot (5/5) Depths:4
  IceCv (visited)         Gauntlet (visited)

Altars:
Ashenzari
Cheibriados
Dithmenos
Elyvilon
Fedhas
Gozag
Hepliaklqana
Kikubaaqudgha
Makhleb
Nemelex Xobeh
Okawaru
Qazlal
Ru
Sif Muna
Trog
Uskayaw
Vehumet
Wu Jian
Xom
Yredelemnul
Zin
The Shining One
Jiyva

Shops:
Orc:1 (   Orc:2 [[:   Elf:1 **?   Elf:3 :=:   Depths:4 ?!??(

Portals:
Hell: Depths:1 Depths:2 Depths:3 Depths:4
Abyss: Depths:3 Depths:4
Pandemonium: Depths:2 Depths:4
Ziggurat: Depths:2

Annotations:
D:3 2 transporters, paps's ghost, amateur DsGl
D:6 exclusion: door
Lair:2 3 runed translucent doors, exclusion: 3 doors, ballabu's ghost, journeyman DsFi
Spider:1 Roxanne
Spider:3 3 runed translucent doors, exclusion: 3 doors, Dimul's ghost, adept KoDe
Elf:2 3 runed translucent doors, exclusion: 3 doors
Zot:4 exclusion: 2 upstairs


Innate Abilities, Weirdness & Mutations

You have sharp claws.
You have razor-sharp teeth.
You have supernaturally acute eyesight. (SInv)
Your thick and shaggy fur keeps you warm. (AC +3, rC+)
Your paws help you pounce on unaware monsters.
You are incapable of wielding weapons or throwing items.
You cannot wear armour.
You gain extra lives every three experience levels.
You have an uncontrollable temper.
Your flesh is cold resistant. (rC+)
Your body sometimes deteriorates upon taking damage.
You are very dopey. (Int -4)
You are frail. (-10% HP)
Your spells are easier to cast, but less powerful.
You occasionally lose the ability to drink potions when taking damage.


Message History

The Ice Fiend is lightly wounded.
Casting: Permafrost Eruption (safe; 1% risk of failure)
Confirm with . or Enter, or press ? or * to list all spells.
Casting: Permafrost Eruption (safe; 1% risk of failure)
Press: ? - help, Dir - look around, f - activate Bitter cold erupts, blasting rock from the ceiling!
The mass of rock hits the Ice Fiend!!
The Ice Fiend is moderately wounded.
Piercing cold boils outward!
The piercing cold hits the Ice Fiend.
The Ice Fiend completely resists.
The Ice Fiend is moderately wounded.
The Ice Fiend calls on the powers of darkness!
Your body is wracked with pain!
Your body deteriorates!
You feel dopey.
Casting: Permafrost Eruption (safe; 1% risk of failure)
Confirm with . or Enter, or press ? or * to list all spells.
Casting: Plasma Beam (mildly dangerous; 1% risk of failure)
Press: ? - help, Dir - look around, f - activate The bolt of lightning hits the Ice Fiend!
The Ice Fiend is heavily wounded.
The fiery plasma hits the Ice Fiend!!!
The Ice Fiend is burned terribly!
The Ice Fiend is almost dead.
The Ice Fiend calls on the powers of darkness!
Your body is wracked with pain!
Casting: Plasma Beam (mildly dangerous; 1% risk of failure)
Confirm with . or Enter, or press ? or * to list all spells.
Casting: Plasma Beam (mildly dangerous; 1% risk of failure)
Press: ? - help, Dir - look around, f - activate The bolt of lightning hits the Ice Fiend!!
You kill the Ice Fiend!
Vehumet accepts your kill.
You feel your power returning.
(D) Dungeon (T) Temple (L) Lair (S) Swamp (N) Spider Nest (M) Slime Pits (O) Orcish Mines (E) Elven Halls (V) Vaults (C) Crypt (U) Depths (H) Hell (Z) Zot
Where to? (Tab/Enter - D:1 @ (x,y), ? - help)
There is an escape hatch in the floor here.
There is a staircase leading out of the dungeon here.
You have escaped!

### ###
#@# ..#
#># #.#
#####.#
#.#
#.....#
#.####
###.#####
#....#
#...#
####.#
#.### #.#
#.# ##
#.# #.#


There were no monsters in sight!

Vanquished Creatures
  the Royal Jelly (Slime:5)
  Dissolution (Slime:2)
  2 dread liches (Zot:5)
  9 orbs of fire
  2 ancient liches
  4 Killer Klowns (Zot:5)
  A curse toe (Zot:2)
  7 golden dragons
  5 caustic shrikes
  A bone dragon (Depths:4)
  Arachne (Spider:2)
  2 electric golems (Zot:5)
  Jorgrun (Spider:2)
  An Ice Fiend (D:1)
  Mlioglotl (Swamp:3)
  4 deep elf blademasters (Elf:3)
  11 tentacled monstrosities
  3 liches
  A deep elf master archer (Elf:3)
  21 Orb Guardians (Zot:5)
  A walking divine tome (Depths:3)
  10 quicksilver dragons
  20 acid blobs
  2 walking frostbound tomes (Depths:3)
  3 sphinxes
  8 death cobs
  Frances (Spider:1)
  An ancient champion (Vaults:3)
  6 storm dragons
  3 thorn hunters
  7 shadow dragons
  2 tengu reavers
  11 rockslimes
  4 draconian knights
  10 azure jellies
  7 draconian shifters
  8 frost giants
  6 deep elf sorcerers (Elf:3)
  8 protean progenitors
  A caustic shrike zombie (Depths:2)
  7 deep elf elementalists (Elf:3)
  3 fire giants
  9 vault wardens
  An iron dragon (Depths:3)
  3 ghost moths
  4 emperor scorpions
  2 draconian scorchers
  3 orc warlords
  Louise (Elf:2)
  7 draconian stormcallers
  2 draconian annihilators (Zot:5)
  10 quicksilver oozes
  13 very ugly things
  10 ironbound preservers
  7 formless jellyfish
  4 spriggan defenders
  7 ironbound thunderhulks
  7 broodmothers
  9 stone giants
  7 vampire knights
  An eleionoma (Swamp:2)
  5 green draconians
  7 deep elf death magi
  11 red draconians
  3 deep elf demonologists (Elf:3)
  9 deep elf annihilators
  6 white draconians
  10 yellow draconians
  A minotaur (Gauntlet)
  2 bunyips (Zot:2)
  8 purple draconians
  7 spark wasps
  5 dire elephants
  2 war gargoyles (Vaults:2)
  5 black draconians
  A merfolk impaler (Depths:2)
  13 ettins
  A blizzard demon (D:7)
  9 fire dragons
  7 deep elf high priests
  3 entropy weavers
  11 great orbs of eyes
  2 rakshasas
  9 yaktaur captains
  9 vault guards
  11 hydras
  Fannar (Orc:1)
  8 ice dragons
  3 jorogumos (Spider:4)
  4 hell beasts
  7 ironbound frosthearts
  2 peacekeepers (Vaults:2)
  4 radroaches
  5 alligators
  A ghost crab (Swamp:3)
  An ogre mage (D:14)
  A spriggan air mage (Depths:2)
  An anaconda (Lair:4)
  18 centaur warriors
  10 boulder beetles
  Erica (Lair:1)
  2 two-headed ogres (D:14)
  3 catoblepae (Lair:5)
  7 death scarabs (Spider:4)
  19 dancing weapons
  24 death yaks
  3 deep troll shamans (Depths:4)
  4 orc high priests (Orc:2)
  4 deep troll earth magi
  A vampire mage (Depths:4)
  4 occultists
  7 tengu warriors
  8 demonic crawlers
  10 deep elf knights
  Urug (D:11)
  Nergalle (D:12)
  2 skysharks
  5 spriggan berserkers
  Sonja (Orc:2)
  3 fire crabs
  4 iron trolls
  2 salamander mystics
  A fire crab (shapeshifter) (D:15)
  5 hell knights (Depths:4)
  2 sixfirhies
  2 death drakes (Swamp:3)
  7 pharaoh ants
  9 skeletal warriors
  A sun moth (shapeshifter) (Elf:1)
  A golden dragon zombie (Depths:2)
  34 deep trolls
  An obsidian statue (D:15)
  2 sun moths
  A deep troll (shapeshifter) (D:15)
  9 orb spiders
  11 swamp dragons
  5 glowing orange brains
  16 lindwurms
  2 mana vipers
  5 arcanists
  4 flayed ghosts
  4 bog bodies
  3 spriggan druids
  2 shadow dragon zombies (Depths:1)
  A phantasmal warrior (D:15)
  A spectral jorogumo (Spider:4)
  7 steelbarb worms
  7 orc knights
  A lightning spire (Gauntlet)
  4 thermic dynamos
  13 deep elf archers
  14 ironbound convokers
  A golden dragon skeleton (Depths:2)
  8 necromancers
  2 wolf spider zombies (Spider:4)
  22 deep elf pyromancers
  An orange crystal statue (Depths:1)
  23 deep elf zephyrmancers
  An obsidian bat (Orc:2)
  9 harpies
  23 wolf spiders
  40 ugly things
  3 orc sorcerers (Orc:2)
  2 will-o-the-wisps
  A manticore (shapeshifter) (Depths:3)
  A harpy (shapeshifter) (D:13)
  2 tengu skeletons (Vaults:3)
  4 cyclopes
  A cyclops (shapeshifter) (Depths:1)
  A frost giant zombie (Depths:2)
  5 manticores
  4 shining eyes
  35 moths of wrath
  5 salamanders (Depths:4)
  6 meliai
  27 elephants
  86 slime creatures
  2 stone giant skeletons
  A black mamba (shapeshifter) (D:15)
  14 vault sentinels
  5 black mambas
  6 torpor snails
  An ice statue (IceCv)
  An eye of devastation (Slime:3)
  2 water nymphs (shapeshifter)
  A cane toad (shapeshifter) (D:15)
  11 cane toads
  2 unseen horrors (D:13)
  A gargoyle (D:11)
  9 rime drakes
  A storm dragon simulacrum (Depths:2)
  2 spectral redbacks (Spider:4)
  A spriggan zombie (Depths:2)
  An unseen horror (shapeshifter) (D:15)
  10 komodo dragons
  A komodo dragon (shapeshifter) (D:15)
  A redback zombie (Spider:4)
  23 yaktaurs
  A spark wasp simulacrum (Depths:2)
  A yaktaur skeleton (Vaults:3)
  A spriggan skeleton (Depths:2)
  3 bloated husks
  A queen bee (shapeshifter) (D:15)
  7 trolls
  A merfolk (shapeshifter) (D:15)
  4 spectral jumping spiders (Spider:4)
  31 tarantellas
  5 tyrant leeches
  10 hornets
  8 polar bears
  17 blink frogs
  6 glass eyes
  A spectral culicivora (Spider:4)
  2 spectral tarantellas (Spider:4)
  5 jumping spider zombies (Spider:4)
  A blink frog (shapeshifter) (Elf:1)
  2 glass eyes (shapeshifter) (Depths:3)
  A raiju (Gauntlet)
  4 dream sheep (Lair:4)
  A jumping spider (shapeshifter) (D:14)
  35 jumping spiders
  2 culicivora zombies (Spider:4)
  2 centaur simulacra
  An ettin skeleton (Vaults:3)
  A spriggan (shapeshifter) (D:15)
  26 culicivoras
  A shadow (D:13)
  51 yaks
  7 air elementals
  10 spriggans
  7 water elementals
  A yak (shapeshifter) (D:15)
  3 wraiths
  3 wyverns
  2 basilisks
  5 fire elementals
  13 golden eyes
  Grum (Lair:1)
  5 steam dragons
  8 vampire mosquitoes
  51 redbacks
  A chaos spawn (Zot:2)
  14 swamp worms
  Edmund (D:4)
  Menkaure (D:7)
  2 acid dragons (D:11)
  An acid dragon (shapeshifter) (D:15)
  14 water moccasins
  A swamp worm (shapeshifter) (D:15)
  12 swamp drakes
  3 glowing shapeshifter skeletons (Vaults:3)
  A swamp drake (shapeshifter) (Elf:2)
  2 ice beasts (D:8)
  29 orc warriors
  10 black bears
  3 sky beasts (D:9)
  26 wolves
  A laughing skull (D:15)
  8 ogres
  23 centaurs
  2 human skeletons (Vaults:3)
  A phantom (D:5)
  5 kobold brigands
  A brain worm (shapeshifter) (Elf:1)
  A scorpion (shapeshifter) (D:15)
  6 earth elementals
  23 bullfrogs
  5 gnoll sergeants
  6 scorpions
  2 two-headed ogre simulacra (D:13)
  5 killer bees (D:9)
  An elephant simulacrum (D:13)
  3 electric eels
  4 howler monkeys
  3 bombardier beetles
  2 gnoll boudas (D:5)
  7 hounds
  3 jellies
  44 orc priests
  2 iguanas (D:5)
  A sleepcap (D:6)
  Ijyb (D:3)
  34 orc wizards
  2 spriggan simulacra
  2 troll simulacra (D:13)
  22 gnolls
  8 adders
  2 naga simulacra (D:13)
  2 white imps (D:7)
  2 ufetubi (D:5)
  A ribbon worm (D:2)
  2 dart slugs
  96 orcs
  5 endoplasms
  7 giant cockroaches
  12 goblins
  6 hobgoblins
  2 jackals (D:1)
  13 kobolds
  4 quokkas
  7 ball pythons
  8 bats
  4 frilled lizards
  9 rats
  3 aspiring fleshes
  A butterfly (Lair:1)
  A foxfire (Orc:2)
2122 creatures vanquished.

Vanquished Creatures (collateral kills)
  the Lernaean hydra (Swamp:4)
  A tentacled monstrosity (Zot:4)
  A moth of wrath (Zot:2)
3 creatures vanquished.

Vanquished Creatures (others)
  2 death cobs
  A bloated husk (Swamp:1)
  A hornet (Swamp:4)
  A water elemental (D:13)
  A swamp drake (Swamp:3)
  892 foxfires
898 creatures vanquished.

Grand Total: 3023 creatures vanquished

Notes
Turn   | Place    | Note
-------+----------+-------------------------------------------
     0 | D:1      | NormalPerson7 the Felid Fire Elementalist began the quest
                  | for the Orb.
     0 | D:1      | Reached XP level 1. HP: 9/9 MP: 4/4
   246 | D:1      | Reached XP level 2. HP: 12/13 MP: 0/6
   604 | D:1      | Learned a level 2 spell: Scorch
  1357 | D:2      | Reached XP level 3. HP: 17/17 MP: 4/7
  1468 | D:2      | Identified the +4 quarterstaff "Orb Guardian's Foe" {flame,
                  | rN+ Will+ Str-2 Dex+3}
  1501 | D:2      | Reached skill level 1 in Fighting
  1855 | D:2      | Found an ornate altar of the Wu Jian Council.
  2196 | D:2      | Reached XP level 4. HP: 22/22 MP: 4/8
  2196 | D:2      | Gained a life (2 lives remaining)
  2272 | D:3      | Reached skill level 1 in Conjurations
  2379 | D:3      | Found a transporter.
  2379 | D:3      | Noticed paps's ghost (amateur DsGl)
  2382 | D:3      | Found a transporter.
  2510 | D:3      | Found a basalt altar of Yredelemnul.
  2610 | D:3      | Noticed Ijyb
  2775 | D:3      | You fall into a shaft and drop 3 floors!
  2844 | D:6      | Noticed a black bear
  3063 | D:5      | Entered Level 5 of the Dungeon
  3189 | D:3      | Reached XP level 5. HP: 25/25 MP: 5/9
  3221 | D:3      | Found a faded altar of an unknown god.
  3677 | D:3      | Killed Ijyb
  3678 | D:3      | Reached skill level 5 in Stealth
  3955 | D:4      | Noticed an ogre
  3959 | D:4      | Gained mutation: You are covered in thick fur. (AC +2)
                  | [Felid growth]
  3959 | D:4      | Reached XP level 6. HP: 30/30 MP: 7/10
  4134 | D:4      | Learned a level 4 spell: Flame Wave
  4436 | D:4      | Reached XP level 7. HP: 33/33 MP: 5/11
  4734 | D:4      | Noticed Edmund
  5078 | D:4      | Learned a level 3 spell: Volatile Blastmotes
  5389 | D:4      | Killed Edmund
  5390 | D:4      | Reached skill level 5 in Fire Magic
  5502 | D:5      | Reached skill level 5 in Conjurations
  6123 | D:5      | Reached XP level 8. HP: 37/37 MP: 7/12
  7039 | D:5      | Found a hide-covered altar of Uskayaw.
  8191 | D:6      | Reached skill level 5 in Dodging
  8191 | D:6      | Reached XP level 9. HP: 44/44 MP: 4/13
  8356 | D:6      | Found a staircase to the Ecumenical Temple.
  8368 | Temple   | Found a transporter.
  8368 | Temple   | Found a transporter.
  8368 | Temple   | Found a transporter.
  8368 | Temple   | Found a transporter.
  8368 | Temple   | Entered the Ecumenical Temple
  8395 | Temple   | Became a worshipper of Vehumet
  9186 | D:7      | Noticed Menkaure
  9188 | D:7      | Killed Menkaure
  9906 | D:7      | Identified the +1 short sword of Causality {speed, Dex+4
                  | Stlth+}
  9911 | D:7      | Reached skill level 5 in Spellcasting
 10825 | D:8      | Reached * piety under Vehumet
 10825 | D:8      | Offered knowledge of Sandblast by Vehumet.
 10908 | D:8      | Reached skill level 1 in Evocations
 11543 | D:8      | Reached XP level 10. HP: 49/49 MP: 20/20
 12330 | D:9      | Reached XP level 11. HP: 52/52 MP: 16/21
 12409 | D:9      | Found an opulent altar of Gozag.
 13821 | D:9      | Offered knowledge of Searing Ray by Vehumet.
 14381 | D:10     | Entered Level 10 of the Dungeon
 14748 | D:10     | Found a staircase to the Lair.
 15228 | D:10     | Reached ** piety under Vehumet
 15773 | D:10     | Found a staircase to the Orcish Mines.
 16253 | D:10     | Learned a level 4 spell: Iskenderun's Mystic Blast
 16975 | Lair:1   | Entered Level 1 of the Lair of Beasts
 17101 | Lair:1   | Offered knowledge of Dazzling Flash by Vehumet.
 17402 | Lair:1   | Noticed a death yak
 17448 | Lair:1   | Killed a death yak
 17639 | Lair:1   | Reached *** piety under Vehumet
 17647 | Lair:1   | Learned a level 6 spell: Permafrost Eruption
 17803 | Lair:1   | Noticed Erica
 17807 | Lair:1   | Killed Erica
 17808 | Lair:1   | Gained mutation: Your thick and shaggy fur keeps you warm.
                  | (AC +3, rC+) [Felid growth]
 17808 | Lair:1   | Reached XP level 12. HP: 56/56 MP: 10/22
 18246 | Lair:1   | Noticed Grum
 18252 | Lair:1   | Killed Grum
 18586 | Lair:1   | Noticed a death yak
 18940 | Lair:1   | Noticed a death yak
 18958 | Lair:1   | Killed a death yak
 18959 | Lair:1   | Reached skill level 10 in Ice Magic
 18959 | Lair:1   | Reached skill level 10 in Earth Magic
 19129 | Lair:1   | Killed a death yak
 19423 | Lair:2   | Offered knowledge of Stone Arrow by Vehumet.
 20121 | Lair:2   | Noticed a death yak
 20144 | Lair:2   | Killed a death yak
 20236 | Lair:2   | Noticed a death yak
 20347 | Lair:2   | Noticed a death yak
 20366 | Lair:2   | Killed a death yak
 20466 | Lair:2   | Noticed a death yak
 20727 | Lair:2   | Reached skill level 5 in Fighting
 20826 | Lair:2   | Found a hole to the Spider Nest.
 20835 | Lair:2   | Found a runed translucent gate.
 20836 | Lair:2   | Found a runed translucent gate.
 20837 | Lair:2   | Found a runed translucent gate.
 20874 | Lair:2   | Killed a death yak
 21212 | Lair:2   | Noticed ballabu's ghost (journeyman DsFi)
 21238 | Lair:2   | Killed a death yak
 21734 | Lair:3   | Found a staircase to the Swamp.
 22304 | Lair:3   | Reached skill level 10 in Dodging
 22304 | Lair:3   | Reached XP level 13. HP: 54/63 MP: 4/26
 22542 | Lair:3   | Reached **** piety under Vehumet
 23155 | Lair:3   | Offered knowledge of Lee's Rapid Deconstruction by Vehumet.
 23160 | Lair:3   | Noticed a dire elephant
 23258 | Lair:2   | Learned a level 5 spell: Lee's Rapid Deconstruction
 23380 | Lair:3   | Killed a dire elephant
 23831 | Lair:3   | Reached skill level 10 in Spellcasting
 25139 | Lair:4   | Identified the +2 leather armour of Xojet {Fly Will+ MP+9
                  | Str-4}
 26900 | Lair:4   | Reached XP level 14. HP: 68/68 MP: 19/31
 27140 | Lair:4   | Learned a level 5 spell: Freezing Cloud
 27469 | Lair:5   | Entered Level 5 of the Lair of Beasts
 27737 | Lair:5   | Reached ***** piety under Vehumet
 27918 | Lair:5   | Offered knowledge of Eringya's Noxious Bog by Vehumet.
 28187 | Lair:5   | Got Witchcraft, Part Three
 28821 | Lair:5   | Found a viscous altar of Jiyva.
 28823 | Lair:5   | Found a staircase to the Slime Pits.
 30176 | Orc:1    | Entered Level 1 of the Orcish Mines
 30316 | Orc:2    | Entered Level 2 of the Orcish Mines
 30319 | Orc:2    | Noticed Sonja
 30322 | Orc:2    | Killed Sonja
 30717 | Orc:2    | Noticed an orc warlord
 30722 | Orc:2    | Killed an orc warlord
 30920 | Orc:2    | Found a staircase to the Elven Halls.
 31755 | Orc:1    | Found a burning altar of Makhleb.
 31912 | Orc:1    | Found Nokorop's Antique Weapon Shoppe.
 31915 | Orc:1    | Noticed Fannar
 31919 | Orc:1    | Killed Fannar
 32268 | Orc:2    | Offered knowledge of Arcjolt by Vehumet.
 33199 | Orc:2    | Found Jethrosh's Magic Scroll Shoppe.
 33199 | Orc:2    | Found Zeuha's Armour Emporium.
 33202 | Orc:2    | Found Todiebli's Antique Armour Emporium.
 33204 | Orc:2    | Found Miaf Eri's Book Shoppe.
 33404 | Orc:2    | Bought a scroll of identify for 28 gold pieces
 33404 | Orc:2    | Bought a scroll of identify for 28 gold pieces
 33404 | Orc:2    | Bought a scroll of teleportation for 42 gold pieces
 33404 | Orc:2    | Bought a scroll of revelation for 105 gold pieces
 33404 | Orc:2    | Bought a scroll of immolation for 56 gold pieces
 33404 | Orc:2    | Bought a scroll of butterflies for 56 gold pieces
 33404 | Orc:2    | Bought a scroll of identify for 28 gold pieces
 33406 | Orc:2    | Identified a scroll of acquirement
 33407 | Orc:2    | Acquired the amulet of the Will of the Gods {rPois RegenMP+
                  | Stlth+}
 33427 | Orc:2    | Learned a level 5 spell: Fireball
 33537 | D:11     | Reached skill level 5 in Evocations
 33588 | D:11     | Noticed Urug
 33590 | D:11     | Killed Urug
 33591 | D:11     | Reached XP level 15. HP: 65/75 MP: 19/34
 35190 | D:12     | Noticed Nergalle
 35192 | D:12     | Killed Nergalle
 35442 | D:13     | Found a frozen archway.
 35500 | D:13     | Reached ****** piety under Vehumet
 35518 | IceCv    | Entered an ice cave
 35519 | IceCv    | Offered knowledge of Iskenderun's Battlesphere by Vehumet.
 35915 | IceCv    | Reached skill level 10 in Fire Magic
 35978 | IceCv    | Noticed a frost giant
 35995 | IceCv    | Killed a frost giant
 36212 | IceCv    | Got Caexki's Atlas of the Tundra
 36407 | D:13     | Found a large runed translucent door.
 36407 | D:13     | Found a large runed translucent door.
 36553 | D:13     | Found a gate to the Vaults.
 37109 | D:13     | Paralysed by an air elemental for 1 turns
 37524 | D:14     | Learned a level 6 spell: Starburst
 38416 | D:14     | Offered knowledge of Yara's Violent Unravelling by Vehumet.
 38465 | D:15     | Entered Level 15 of the Dungeon
 38531 | D:15     | Found a gate leading to a gauntlet.
 38541 | Gauntlet | Entered a Gauntlet
 38541 | Gauntlet | Found a transporter.
 38542 | Gauntlet | Found a large runed translucent door.
 38543 | Gauntlet | Found a large runed translucent door.
 38544 | Gauntlet | Found a large runed translucent door.
 38544 | Gauntlet | Found a large runed translucent door.
 38544 | Gauntlet | Found a runed translucent door.
 38544 | Gauntlet | Found a runed translucent door.
 38545 | Gauntlet | Found a large runed translucent door.
 38546 | Gauntlet | Found a large runed translucent door.
 38547 | Gauntlet | Found a large runed translucent door.
 38547 | Gauntlet | Found a large runed translucent door.
 38548 | Gauntlet | Found a runed translucent gate.
 38548 | Gauntlet | Found a runed translucent gate.
 38548 | Gauntlet | Found a runed translucent gate.
 38550 | Gauntlet | Found a transporter.
 38559 | Gauntlet | Found a large runed translucent door.
 38559 | Gauntlet | Found a large runed translucent door.
 38560 | Gauntlet | Found a large runed translucent door.
 38561 | Gauntlet | Found a large runed translucent door.
 38565 | Gauntlet | Found a transporter.
 38570 | Gauntlet | Found a transporter.
 38585 | Gauntlet | Found a transporter.
 38604 | Gauntlet | Found a transporter.
 38616 | Gauntlet | Found a transporter.
 38628 | Gauntlet | Found a transporter.
 38640 | Gauntlet | Found a transporter.
 38641 | Gauntlet | Found the +4 Cigotuvi's embrace {Corpsefed rMiasma ^Drain
                  | rN+}
 38646 | Gauntlet | Found a transporter.
 38646 | Gauntlet | Found a transporter.
 38661 | Gauntlet | Found a transporter.
 38667 | Gauntlet | Found a transporter.
 38706 | Gauntlet | Found a transporter.
 38731 | Gauntlet | Found a transporter.
 38733 | Gauntlet | Found a transporter.
 38749 | Gauntlet | Found a large runed translucent door.
 38749 | Gauntlet | Found a large runed translucent door.
 38750 | Gauntlet | Found a large runed translucent door.
 38751 | Gauntlet | Found a large runed translucent door.
 38753 | Gauntlet | Found a transporter.
 38831 | Gauntlet | Found a transporter.
 39693 | Gauntlet | Identified the ring "Zuvvepis" {rElec rN+ Will+ Str+2
                  | Dex-4}
 39795 | Gauntlet | Identified the +5 trident "Osmeic" {freeze, Dex+3}
 39795 | Gauntlet | Identified the ring of Miven {rPois Will- MP+9 AC+4 SInv}
 39800 | Gauntlet | Reached XP level 16. HP: 80/80 MP: 20/35
 39805 | Gauntlet | Identified the +2 leather armour "Xapraju" {Str+2}
 39806 | Gauntlet | Got the Directory of the Blistering Vector
 39813 | Gauntlet | Identified the +0 rapier of Peril {speed, rElec rF- rN+}
 41363 | D:15     | Noticed a tengu reaver
 41365 | D:15     | Killed a tengu reaver
 43071 | D:15     | Found a staircase to the Depths.
 43167 | D:15     | Upgraded the game from 0.32-a0-837-g8d3e27d251 to
                  | 0.32-a0-842-gbbb8fdbe59
 43435 | Swamp:1  | Entered Level 1 of the Swamp
 43439 | Swamp:1  | Noticed a thorn hunter
 43442 | Swamp:1  | Killed a thorn hunter
 43879 | Swamp:1  | Noticed a thorn hunter
 43882 | Swamp:1  | Killed a thorn hunter
 44589 | Swamp:2  | Noticed a tentacled monstrosity
 44594 | Swamp:2  | Reached skill level 10 in Fighting
 44600 | Swamp:2  | Killed a tentacled monstrosity
 44600 | Swamp:2  | Offered knowledge of Spellforged Servitor by Vehumet.
 45599 | Swamp:3  | Noticed Mlioglotl
 45608 | Swamp:3  | Killed Mlioglotl
 45822 | Swamp:3  | Reached skill level 15 in Dodging
 45973 | Swamp:4  | Entered Level 4 of the Swamp
 46007 | Swamp:4  | Noticed a thorn hunter
 46012 | Swamp:4  | Killed a thorn hunter
 46199 | Swamp:4  | Reached XP level 17. HP: 89/89 MP: 28/36
 46439 | Swamp:4  | Noticed the 27-headed Lernaean hydra
 46445 | Swamp:4  | Killed the 27-headed Lernaean hydra
 46518 | Swamp:4  | Reached skill level 10 in Stealth
 46696 | Swamp:4  | Offered knowledge of Plasma Beam by Vehumet.
 46705 | Swamp:4  | Learned a level 6 spell: Plasma Beam
 46840 | Swamp:4  | Reached skill level 1 in Air Magic
 46950 | Swamp:4  | Got a decaying rune of Zot
 47259 | Spider:1 | Entered Level 1 of the Spider Nest
 47645 | Spider:1 | Noticed Roxanne
 47924 | Spider:1 | Noticed Frances
 47929 | Spider:1 | Killed Frances
 47930 | Spider:1 | Reached skill level 5 in Air Magic
 48849 | Spider:2 | Noticed Jorgrun
 48853 | Spider:2 | Killed Jorgrun
 48989 | Spider:2 | Offered knowledge of Bombard by Vehumet.
 49176 | Spider:2 | Noticed Arachne
 49183 | Spider:2 | Killed Arachne
 50388 | Spider:3 | Reached skill level 10 in Conjurations
 50544 | Spider:3 | Reached XP level 18. HP: 93/93 MP: 27/37
 50863 | Spider:3 | Found a runed translucent gate.
 50863 | Spider:3 | Found a runed translucent gate.
 50863 | Spider:3 | Found a runed translucent gate.
 50865 | Spider:3 | Noticed Dimul's ghost (adept KoDe)
 51145 | Spider:4 | Entered Level 4 of the Spider Nest
 53583 | Spider:4 | Identified the +1 hat "Wimulur" {+Blink Int+2}
 53585 | Spider:4 | Got a gossamer rune of Zot
 53955 | Elf:1    | Entered Level 1 of the Elven Halls
 53993 | Elf:1    | Found a radiant altar of Vehumet.
 54731 | Elf:1    | Found Anuitemy's General Store.
 54733 | Elf:1    | Found Halom's General Store.
 54737 | Elf:1    | Bought a potion of curing for 51 gold pieces
 54753 | Elf:1    | Learned a level 7 spell: Orb of Destruction
 54756 | Elf:1    | Bought a scroll of teleportation for 36 gold pieces
 54756 | Elf:1    | Bought a scroll of revelation for 90 gold pieces
 55101 | Elf:1    | Found Jemask's Magic Scroll Shop.
 55122 | Elf:1    | Reached skill level 15 in Spellcasting
 55169 | Elf:1    | Bought a scroll of teleportation for 54 gold pieces
 55312 | Elf:1    | Found a portal to a secret trove of treasure.
 55340 | Elf:1    | You paid a toll of 6 scrolls of fear to enter a treasure
                  | trove
 55341 | Trove    | Entered a treasure trove
 55355 | Trove    | Identified the amulet of Midnight {Reflect rElec Str+2
                  | SH+5}
 55371 | Trove    | Identified the ring of Ipiykheq {rC+ rCorr Int+4 Dex-2}
 55474 | Elf:2    | Noticed Louise
 55556 | Elf:2    | Killed Louise
 55557 | Elf:2    | Reached XP level 19. HP: 89/98 MP: 32/39
 56727 | Elf:2    | Found a runed translucent gate.
 56728 | Elf:2    | Found a runed translucent gate.
 56728 | Elf:2    | Found a runed translucent gate.
 56756 | Elf:3    | Entered Level 3 of the Elven Halls
 57158 | Elf:3    | Found Vafee's Book Shoppe.
 57160 | Elf:3    | Found Gahep's Jewellery Shop.
 57161 | Elf:3    | Found Ajabim's Book Shoppe.
 57302 | Elf:3    | Bought a book of Minor Magic for 208 gold pieces
 57305 | Elf:3    | Learned a level 2 spell: Blink
 57672 | Elf:3    | HP: 9/98 [something (11)]
 59115 | Elf:3    | Identified the +3 chain mail of Dull Freedom {rN+ Regen+
                  | Dex+2}
 59153 | Elf:3    | Identified the +4 dagger of Ydesilin {flame, Will+ Int+5
                  | Stlth-}
 59153 | Elf:3    | Identified the amulet "Ylolykijoo" {RegenMP+ Int+3}
 60071 | Vaults:1 | Entered Level 1 of the Vaults
 60314 | Vaults:1 | Reached XP level 20. HP: 77/102 MP: 13/43
 60486 | Vaults:1 | Reached skill level 1 in Translocations
 63362 | Vaults:2 | Reached skill level 15 in Fire Magic
 65595 | Elf:3    | Learned a level 8 spell: Ignition
 65878 | Vaults:3 | Reached XP level 21. HP: 52/107 MP: 19/44
 66979 | Vaults:3 | Found a staircase to the Crypt.
 67211 | Vaults:3 | HP: 15/109 [orc warlord/+4 dire flail (56)]
 68974 | Depths:1 | Entered Level 1 of the Depths
 69785 | Depths:1 | Found a gateway to Hell.
 70556 | Depths:2 | Noticed a caustic shrike
 70561 | Depths:2 | Killed a caustic shrike
 71392 | Depths:2 | Found a one-way gateway to a ziggurat.
 71613 | Depths:2 | Got the Omnibus of the Saturnine Tropics
 71667 | Depths:2 | Found a one-way gate leading to the halls of Pandemonium.
 71861 | Depths:2 | Got the Thoughts on Glowing Summoning
 71968 | Depths:3 | Found a one-way gate to the infinite horrors of the Abyss.
 72111 | Depths:3 | Reached XP level 22. HP: 121/121 MP: 39/45
 72455 | Depths:3 | Reached skill level 15 in Fighting
 72823 | Depths:3 | Identified the ring "Moent" {Fire MP-9 Str+7 Int+3 Slay+6}
 72829 | Depths:3 | Noticed a golden dragon
 72833 | Depths:3 | Killed a golden dragon
 72841 | Depths:3 | Identified the ring of Leaves {Ice Str+3}
 72953 | Depths:3 | Identified the ring "Man Biown" {Ice Int+3 Dex+3}
 72957 | Depths:3 | HP: 16/123 [spriggan defender/+2 rapier of freezing (43)]
 73467 | Depths:3 | Identified the ring "Areni" {rPois rF- Str+6 SInv}
 73929 | Depths:4 | Entered Level 4 of the Depths
 74237 | Depths:4 | Found Furilasm's Distillery.
 74262 | Depths:4 | Noticed a caustic shrike
 74676 | Depths:4 | Found Qoxofior's Weapon Boutique.
 74777 | Depths:4 | Noticed a caustic shrike
 74778 | Depths:4 | Noticed a caustic shrike
 74782 | Depths:4 | Noticed a caustic shrike
 74787 | Depths:4 | Killed a caustic shrike
 74794 | Depths:4 | Killed a caustic shrike
 74795 | Depths:4 | HP: 18/125 [acid (9)]
 74795 | Depths:4 | Slain by a caustic shrike
 74795 | Depths:4 | Lost a life (1 life remaining)
 74894 | Depths:4 | Killed a caustic shrike
 75075 | Depths:4 | Bought a potion of mutation for 152 gold pieces
 75075 | Depths:4 | Bought 2 potions of mutation for 304 gold pieces
 75075 | Depths:4 | Bought a potion of haste for 190 gold pieces
 75075 | Depths:4 | Bought a potion of magic for 152 gold pieces
 75255 | Depths:4 | Found Rigri's Magic Scroll Emporium.
 75258 | Depths:4 | Bought 2 scrolls of blinking for 300 gold pieces
 75258 | Depths:4 | Bought 3 scrolls of blinking for 450 gold pieces
 75548 | Depths:4 | Found Xufiskul's Magic Scroll Shoppe.
 75564 | Depths:4 | Bought a scroll of fog for 80 gold pieces
 75564 | Depths:4 | Bought a scroll of silence for 190 gold pieces
 75567 | Depths:4 | Paralysed by an air elemental for 1 turns
 75692 | Depths:4 | Killed a caustic shrike
 76314 | Depths:4 | Noticed a golden dragon
 76328 | Depths:4 | HP: 25/126 [golden dragon/bolt of fire (15)]
 76329 | Depths:4 | Killed a golden dragon
 76829 | Depths:4 | Found Voelues's Magic Scroll Emporium.
 76832 | Depths:4 | Bought a scroll of fear for 100 gold pieces
 76832 | Depths:4 | Bought a scroll of fog for 100 gold pieces
 76980 | Depths:4 | Found a gate to the Realm of Zot.
 77413 | Slime:1  | Entered Level 1 of the Pits of Slime
 77420 | Slime:2  | Noticed Dissolution
 77877 | Slime:2  | Gained mutation: Your mind is acute. (Int +4, Str/Dex -1)
                  | [a shining eye]
 77882 | Slime:2  | Killed Dissolution
 77961 | Slime:1  | Reached skill level 15 in Ice Magic
 77961 | Slime:1  | Reached XP level 23. HP: 130/130 MP: 26/46
 77961 | Slime:1  | Gained a life (2 lives remaining)
 78794 | Slime:5  | Entered Level 5 of the Pits of Slime
 78865 | Slime:5  | Gained mutation: Your body sometimes deteriorates upon
                  | taking damage. [a shining eye]
 79112 | Slime:5  | Noticed the Royal Jelly
 80054 | Slime:5  | Killed the Royal Jelly
 80224 | Slime:5  | Identified the ring "Rueteh" {Fly rF+ rC- rN+ Dex+6}
 80383 | Slime:5  | Got a slimy rune of Zot
 80518 | Slime:5  | Identified the amulet "Rydorgh" {Faith Str+3}
 80520 | Slime:5  | Identified the ring of Xom, Shimmering {rCorr Dex+6 Slay+3}
 80586 | Slime:5  | Identified the ring "Moakam" {rPois Will++ Stlth+}
 80607 | Slime:5  | Identified the amulet of the Special Xeniums {Reflect Will+
                  | rCorr SH+5 Stlth+}
 80635 | Slime:5  | Identified the ring "Ostosuwi" {rC- EV+5 Dex+6}
 81665 | Slime:5  | Identified the +0 ring mail "Dest" {-Tele rN+ Int+2}
 82160 | Zot:1    | Entered Level 1 of the Realm of Zot
 82216 | Zot:1    | Slain by a death cob
 82216 | Zot:1    | Lost a life (1 life remaining)
 82523 | Zot:1    | Noticed an orb of fire
 82544 | Zot:1    | Killed an orb of fire
 82912 | Zot:1    | Identified the +7 short sword of Caxufrax {drain, Int+4}
 84524 | Zot:1    | Identified the +3 short sword "Fihokask" {flame, rC+ rCorr}
 85832 | Zot:2    | Noticed a curse toe
 85835 | Zot:2    | Killed a curse toe
 86682 | Zot:2    | Reached XP level 24. HP: 30/136 MP: 13/46
 86682 | Zot:2    | Gained a life (2 lives remaining)
 86684 | Zot:2    | HP: 27/136 [poisoned by a green draconian (blast of
                  | poison)]
 88496 | Depths:2 | Learned a level 9 spell: Polar Vortex
 91486 | Zot:5    | Entered Level 5 of the Realm of Zot
 91819 | Zot:5    | Noticed a Killer Klown
 91825 | Zot:5    | Killed a Killer Klown
 92104 | Zot:5    | Noticed an orb of fire
 92110 | Zot:5    | Killed an orb of fire
 92227 | Zot:5    | Noticed an orb of fire
 92233 | Zot:5    | Killed an orb of fire
 92441 | Zot:5    | Noticed an ancient lich
 92591 | Zot:4    | Killed an ancient lich
 92684 | Zot:5    | Noticed a Killer Klown
 92810 | Zot:5    | Noticed an orb of fire
 92813 | Zot:5    | Gained mutation: Your body often deteriorates upon taking
                  | damage. [an orb of fire]
 92962 | Zot:5    | Killed a Killer Klown
 93249 | Zot:5    | Noticed a Killer Klown
 93255 | Zot:5    | Killed a Killer Klown
 93258 | Zot:5    | Killed an orb of fire
 93469 | Zot:5    | Noticed a dread lich
 93475 | Zot:5    | Killed a dread lich
 93785 | Zot:5    | Noticed an orb of fire
 93795 | Zot:5    | Gained mutation: Your spells are a little easier to cast,
                  | but a little less powerful. [an orb of fire]
 93797 | Zot:5    | Killed an orb of fire
 94747 | Zot:5    | Noticed a Killer Klown
 94858 | Zot:5    | Killed a Killer Klown
 95252 | Zot:5    | Noticed an orb of fire
 95255 | Zot:5    | Gained mutation: You are weak. (Str -2) [an orb of fire]
 95257 | Zot:5    | Gained mutation: You are very weak. (Str -4) [an orb of
                  | fire]
 95265 | Zot:5    | Killed an orb of fire
 95266 | Zot:5    | Reached XP level 25. HP: 100/147 MP: 15/46
 95367 | Zot:4    | Lost mutation: Your mind is acute. (Int +4, Str/Dex -1)
                  | [potion of mutation]
 95367 | Zot:4    | Lost mutation: Your body often deteriorates upon taking
                  | damage. [potion of mutation]
 95367 | Zot:4    | Gained mutation: Your magical capacity is low. (-10% MP)
                  | [potion of mutation]
 95368 | Zot:4    | Lost mutation: You are very weak. (Str -4) [potion of
                  | mutation]
 95368 | Zot:4    | Lost mutation: You are weak. (Str -2) [potion of mutation]
 95368 | Zot:4    | Gained mutation: You occasionally lose the ability to read
                  | scrolls when taking damage. [potion of mutation]
 95368 | Zot:4    | Gained mutation: Your spells are easier to cast, but less
                  | powerful. [potion of mutation]
 95368 | Zot:4    | Gained mutation: You are robust. (+10% HP) [potion of
                  | mutation]
 95369 | Zot:4    | Lost mutation: Your magical capacity is low. (-10% MP)
                  | [potion of mutation]
 95369 | Zot:4    | Lost mutation: Your body sometimes deteriorates upon taking
                  | damage. [potion of mutation]
 95369 | Zot:4    | Gained mutation: You possess an exceptional clarity of
                  | mind. [potion of mutation]
 95369 | Zot:4    | Gained mutation: You have a somewhat thin skeletal
                  | structure. (Dex +2, Stealth+) [potion of mutation]
 95370 | Zot:4    | Lost mutation: You occasionally lose the ability to read
                  | scrolls when taking damage. [potion of mutation]
 95370 | Zot:4    | Lost mutation: You possess an exceptional clarity of mind.
                  | [potion of mutation]
 95370 | Zot:4    | Gained mutation: You are dopey. (Int -2) [potion of
                  | mutation]
 95370 | Zot:4    | Gained mutation: You passively dampen the noise of your
                  | surroundings. [potion of mutation]
 95371 | Zot:4    | Lost mutation: You are robust. (+10% HP) [potion of
                  | mutation]
 95371 | Zot:4    | Lost mutation: You have a somewhat thin skeletal structure.
                  | (Dex +2, Stealth+) [potion of mutation]
 95371 | Zot:4    | Lost mutation: You passively dampen the noise of your
                  | surroundings. [potion of mutation]
 95371 | Zot:4    | Gained mutation: You are agile. (Dex +4, Str/Int -1)
                  | [potion of mutation]
 95372 | Zot:4    | Lost mutation: You are dopey. (Int -2) [potion of mutation]
 95372 | Zot:4    | Lost mutation: You are agile. (Dex +4, Str/Int -1) [potion
                  | of mutation]
 95372 | Zot:4    | Gained mutation: Your flesh is cold resistant. (rC+)
                  | [potion of mutation]
 96571 | Zot:5    | Identified the granite talisman of Indomitability {rCorr
                  | Int+3 Dex-2}
 97180 | Zot:5    | Noticed an orb of fire
 97180 | Zot:5    | Gained mutation: You are dopey. (Int -2) [an orb of fire]
 97185 | Zot:5    | Gained mutation: You are frail. (-10% HP) [an orb of fire]
 97187 | Zot:5    | Noticed an ancient lich
 97192 | Zot:5    | Gained mutation: Your body sometimes deteriorates upon
                  | taking damage. [an orb of fire]
 97192 | Zot:5    | Noticed an orb of fire
 97207 | Zot:5    | Gained mutation: You are very dopey. (Int -4) [an orb of
                  | fire]
 97209 | Zot:5    | Killed an orb of fire
 97436 | Zot:5    | Gained mutation: You sometimes lose your temper in combat.
                  | [an orb of fire]
 97438 | Zot:5    | Gained mutation: You have an uncontrollable temper. [an orb
                  | of fire]
 97442 | Zot:5    | Gained mutation: You occasionally lose the ability to drink
                  | potions when taking damage. [an orb of fire]
 97443 | Zot:5    | Killed an orb of fire
 97628 | Zot:5    | Killed an ancient lich
 97630 | Zot:5    | Noticed an orb of fire
 97639 | Zot:5    | HP: 14/133 [orb of fire/bolt of fire (33)]
 97642 | Zot:5    | Killed an orb of fire
 98238 | Zot:5    | Noticed a dread lich
 98245 | Zot:5    | Killed a dread lich
 98439 | Zot:5    | Got the Orb of Zot
 98499 | Zot:4    | HP: 1/134 [Orb Guardian (31)]
 98504 | Zot:4    | Slain by an Orb Guardian
 98504 | Zot:4    | Lost a life (1 life remaining)
 98547 | Zot:3    | Noticed Eneamurch the pandemonium lord
 98854 | Depths:1 | Noticed Lica the pandemonium lord
 99332 | D:$      | Escaped with the Orb!

Illustrated notes

Levels and vault maps discovered:
D:1:      dpeg_arrival_tiny_k, layout_loops_ring, serial_glass, glass_columns_c,
          glass_columns_b, kennysheep_boxes
D:2:      layout_rooms, basic_altar, minmay_hexomino_r4
D:3:      kennysheep_the_goblin_king, layout_loops_ring, amcnicky_altar_gilded,
          gammafunk_ghost_mausoleum, basic_ecumenical_altar,
          dreamdust_wishing_well
D:4:      layout_basic, hangedman_abyss_or_decor_stabs, uniq_edmund
D:5:      layout_cave_pools, nicolae_uskayaw_suspiria,
          corexii_item_surrounded_by_moat, st_stairs_8,
          kennysheep_generic_room_7
D:6:      layout_basic, minmay_temple_entry_nine_rooms
D:7:      layout_basic, minmay_tree_intersection, st_stairs_10, uniq_menkaure
D:8:      layout_rooms
D:9:      layout_loops_ring, grunt_gozag_breadcrumbs,
          dreamdust_princess_corridor, st_stairs_4, hangedman_misty_isle
D:10:     layout_loops_cross, grunt_lair_entry_orc_guard_hut,
          kennysheep_orc_monster_closet_entryway
D:11:     layout_roguey, uniq_urug
D:12:     layout_roguey [special_room_orc], uniq_nergalle
D:13:     layout_roguey, skrybe_vaults_entry_preservation,
          portal_ice_cave_entry_ice_simulacra, lightli_elemental_guards
D:14:     layout_basic, grunt_decor_resistance
D:15:     vault_1, layout_basic, gauntlet_entry_generic, minmay_crystal_water
Temple:   hellmonk_temple_divided_pantheon
Lair:1:   layout_long_grid, beast_lair_carwin_6, lemuel_fruit_fields, uniq_grum,
          uniq_erica
Lair:2:   layout_chaotic_city, spider_nest_entry_rubble,
          ebering_ghost_rock_garden, serial_bayou_pond_b, beast_lair_carwin_2,
          infiniplex_staircase_pool
Lair:3:   mu_elephants_graveyard, layout_cave_pods, skrybe_swamp_entry_bodies
Lair:4:   layout_loops_ring, nicolae_lair_lakeside_cave, serial_bayou_shore_a
Lair:5:   evilmike_catoblepas_cave, layout_loops_ring, slime_entry_1
Swamp:1:  layout_basic_swamp, evilmike_swamp_ruin_wall
Swamp:2:  layout_basic_swamp, evilmike_swamp_ruin_house_4,
          statue_in_the_mist_lemuel, nicolae_swamp_tree_isthmus
Swamp:3:  layout_basic_swamp, evilmike_swamp_ruin_house_3, swamp_pool_3,
          nicolae_swamp_drake_lake, uniq_mlioglotl
Swamp:4:  swamp_old_school, layout_basic_swamp
Spider:1: layout_spider_delve, hangedman_spider_tarantella_strand, uniq_frances,
          uniq_roxanne
Spider:2: layout_cave_pods, uniq_arachne, uniq_jorgrun
Spider:3: layout_spider_delve, ebering_ghost_rock_garden
Spider:4: floodkiller_spider_rune_tomb, drop_trap
Slime:1:  layout_caves
Slime:2:  layout_caves, uniq_dissolution
Slime:3:  layout_caves
Slime:4:  layout_caves
Slime:5:  slime_pit_nicolae_amoeboid
Orc:1:    layout_diamond_mine, serial_shops, shop, basic_altar, uniq_fannar
Orc:2:    st_orc_mages, layout_diamond_mine, uniq_sonja
Elf:1:    eino_elf_arrival_altar, layout_gridlike, trove_entry_hex_spiral,
          serial_shops, nicolae_shop_waterfront, shop, nicolae_shop_crystal,
          nicolae_elf_crossing_hall
Elf:2:    nicolae_elf_blades_crystal_corner, layout_loops_corners, uniq_donald,
          uniq_louise
Elf:3:    minmay_elf_hall_four_x, layout_loops_corners, grunt_megastairs_1,
          minmay_shop_grove
Vaults:1: nicolae_vaults_network_square, nicolae_vaults_two_Ls,
          nicolae_vaults_trapezoid_4, nicolae_vaults_closet_pinwheel_3,
          dpeg_vaults_monster_box, nicolae_vaults_layer_cake_slice,
          nicolae_vaults_heart-shaped_vault, nicolae_vaults_little_squares_6,
          nicolae_vaults_apartment_2, vaults_dpeg_ring,
          layout_vaults_chaotic_city
Vaults:2: v_pattern_4, nicolae_vaults_diagonal_hallway_6,
          vaults_mumra_bighexcomb, grunt_vaults_diagonal,
          nicolae_vaults_diagonal_hallway_6, vaults_mumra_hex,
          nicolae_vaults_diamond_1, v_misc_27, hangedman_vaults_slice,
          layout_vaults_omnigrid
Vaults:3: nicolae_vaults_network_barrier, ontoclasm_vaults_tryst, v_misc_22,
          minmay_crypt_entry_skeletal_spiral, hangedman_vaults_maws,
          vaults_standard_mumra_lines, nicolae_vaults_little_squares_6,
          nicolae_vaults_house_2, nicolae_vaults_trapezoid_lopsided_3,
          nicolae_vaults_house_3, nicolae_vaults_storage_room_glass,
          st_spiral_rooms, layout_vaults_ring
Vaults:4: nicolae_vaults_three_branches, v_misc_18, nicolae_vaults_prndl,
          hangedman_vaults_maws, hangedman_vaults_restitches,
          nicolae_vaults_more_shelving_2, nicolae_vaults_double_plus_2,
          v_alt_pattern_2, nicolae_vaults_ring_of_whatevers,
          nicolae_vaults_house_1, ontoclasm_vaults_hangar,
          vaults_room_ringed_pool, layout_vaults_maze_bifur
Depths:1: layout_forbidden_donut, kennysheep_decorative_pillar,
          serial_co_window_serial, co_window_corner_a, co_window_paths_a,
          co_window_corner_a, co_window_paths_a, co_window_paths_a,
          co_window_unsneaky_path_e, co_window_corner_b, co_window_broadway_a,
          co_window_unsneaky_path_e, co_window_cross_4, co_window_corner_b,
          glass_columns_c, glass_columns_a, glass_columns_a, glass_columns_c,
          glass_columns_c, hell_entry, minmay_protected_statue
Depths:2: minmay_tri_box, layout_cave_pools, enter_ziggurat_c,
          pf_hell_entry_tar_spiral, pan_entry, minmay_librarian,
          infiniplex_staircase_diamond
Depths:3: minmay_the_grid_triangle_9x9_recursive_3_mashed
          [minmay_the_grid_triangle_9x9_stretched_checkered,
          minmay_the_grid_triangle_9x9_impossible_snake,
          minmay_the_grid_triangle_9x9_odd_lines,
          minmay_the_grid_triangle_9x9_prize_special,
          minmay_the_grid_triangle_9x9_corrupted_corridor,
          minmay_the_grid_triangle_9x9_intruding_spiral,
          minmay_the_grid_triangle_9x9_flanged_cone,
          minmay_the_grid_triangle_9x9_pentomino_pain,
          minmay_the_grid_triangle_9x9_thin_v], layout_basic,
          grunt_hell_entry_dis_old, abyss_entry_glasseish
Depths:4: grunt_zot_entry_gee_three, layout_cave_pools,
          regret_index_abyss_entry_earlier_magic, serial_shops,
          nicolae_shop_rolled_up, nicolae_shop_rolled_up, shop, shop,
          shop_statue, hell_entry, minmay_hedge_maze, pan_entry,
          dreamdust_looks_like_rain
Zot:1:    layout_basic
Zot:2:    layout_concentric_octagons
Zot:3:    regret_index_infernal_bastille, layout_cathedral_of_symmetry, uniq_vv
Zot:4:    kennysheep_spiral_hall, layout_onion_interference,
          regret_index_zotdec_silver_v_v_loose
Zot:5:    layout_misc_corridors

Skill      XL: |  1  2  3  4  5  6  7  8  9 10 11 12 13 14 15 16 17 18 19 20 21 22 23 24 25 |
---------------+----------------------------------------------------------------------------+-----
Fire Magic     | 3 4 5 7 12 13 17 | 17.0
Fighting       | 1 3 5 7 10 14 17 19 21 | 21.0
Dodging        | 4 5 7 10 15 17 18 | 18.6
Conjurations   | 1 3 4 5 7 8 9 10 14 | 14.0
Stealth        | 4 5 6 10 | 10.0
Spellcasting   | 6 8 12 14 15 18 | 18.0
Evocations     | 3 5 8 |  8.0
Ice Magic      | 6 9 10 11 15 19 21 | 21.0
Earth Magic    | 6 9 10 11 | 11.0
Air Magic      | 9 |  9.0
Translocations | 2 |  2.0

Action                     |  1- 3 |  4- 6 |  7- 9 | 10-12 | 13-15 | 16-18 | 19-21 | 22-24 | 25-27 || total
---------------------------+-------+-------+-------+-------+-------+-------+-------+-------+-------++-------
  Melee: Unarmed           |     2 |     2 |     2 |     6 |    49 |     1 |     9 |     1 |       ||    72
         Bite              |       |       |     1 |     1 |    10 |       |     1 |       |       ||    13
         Punch             |       |       |       |       |     1 |       |       |       |       ||     1
   Cast: Foxfire           |    69 |    77 |   177 |   169 |    44 |       |       |       |       ||   536
         Scorch            |     6 |    10 |    86 |   202 |    49 |     4 |       |       |       ||   357
         Volatile Blastmot |       |       |     2 |     6 |       |       |       |       |       ||     8
         Flame Wave        |       |       |     2 |    16 |       |       |       |       |       ||    18
         Permafrost Erupti |       |       |       |    57 |   412 |   254 |   369 |   386 |    57 ||  1535
         Iskenderun's Myst |       |       |       |       |     9 |     9 |     8 |    30 |     4 ||    60
         Lee's Rapid Decon |       |       |       |       |    54 |    12 |    90 |     7 |       ||   163
         Freezing Cloud    |       |       |       |       |     5 |     1 |     2 |       |       ||     8
         Fireball          |       |       |       |       |    24 |   200 |     9 |     4 |       ||   237
         Starburst         |       |       |       |       |     2 |    39 |     8 |     3 |       ||    52
         Plasma Beam       |       |       |       |       |       |   206 |   349 |   279 |    24 ||   858
         Orb of Destructio |       |       |       |       |       |       |     8 |    87 |    20 ||   115
         Blink             |       |       |       |       |       |       |     9 |    15 |     3 ||    27
         Ignition          |       |       |       |       |       |       |     3 |    45 |       ||    48
         Polar Vortex      |       |       |       |       |       |       |       |     8 |     3 ||    11
  Evoke: Wand              |       |     1 |     2 |     3 |     7 |     9 |    11 |    38 |     6 ||    77
         Phantom mirror    |       |       |       |       |       |     1 |       |       |       ||     1
         Lightning rod     |       |       |       |       |       |       |     5 |     2 |       ||     7
         Phial of floods   |       |       |       |       |       |       |       |     1 |       ||     1
         Tin of tremorston |       |       |       |       |       |       |       |     1 |       ||     1
    Use: Scroll            |     1 |     3 |     8 |     5 |    13 |     7 |     4 |    16 |     4 ||    61
         Potion            |       |       |     1 |       |       |     2 |       |     5 |    16 ||    24
   Stab: Sleeping          |       |       |       |     1 |     1 |       |       |       |       ||     2
 Armour: Skin              |     3 |     9 |    23 |    57 |    60 |    63 |   101 |   153 |    31 ||   500
  Dodge: Dodged            |    17 |    21 |    54 |   176 |   129 |   132 |   150 |   219 |    31 ||   929
  Block: Other             |       |       |       |       |       |       |       |    13 |     5 ||    18
         Reflection        |       |       |       |       |       |       |       |     1 |       ||     1

Table legend: (Time is in decaauts)
 A = Elapsed time spent in this place.
 B = Non-inter-level travel time spent in this place.
 C = Inter-level travel time spent in this place.
 D = Time resting spent in this place.
 E = Time spent auto-exploring this place.
 F = Levels seen in this place.
 G = Mean time per level.
                   A        B        C        D        E       F      G
               +--------+--------+--------+--------+--------+-----+--------+
         Total |  99935 |  85550 |  14385 |  41656 |  22408 |  55 | 1817.0 |
       Dungeon |  26899 |  21002 |   5897 |   9344 |   4224 |  15 | 1793.3 |
        Temple |     47 |     38 |      9 |      0 |      0 |   1 |   47.0 |
          Lair |  14084 |  11827 |   2257 |   6531 |   2612 |   5 | 2816.8 |
         Swamp |   4106 |   3468 |    638 |   1103 |   1435 |   4 | 1026.5 |
   Spider Nest |   6366 |   5351 |   1015 |   2118 |   2053 |   4 | 1591.5 |
    Slime Pits |   3543 |   3016 |    527 |   1298 |    663 |   5 |  708.6 |
  Orcish Mines |   3469 |   3073 |    396 |   1723 |    584 |   2 | 1734.5 |
   Elven Halls |   6124 |   5636 |    488 |   2269 |   2419 |   3 | 2041.3 |
        Vaults |   8332 |   7687 |    645 |   2768 |   3443 |   4 | 2083.0 |
        Depths |   8466 |   7349 |   1117 |   3130 |   2865 |   4 | 2116.5 |
           Zot |  16333 |  14942 |   1391 |  10649 |   1776 |   5 | 3266.6 |
         Trove |     38 |     38 |      0 |      0 |      0 |   1 |   38.0 |
      Ice Cave |    795 |    795 |      0 |    238 |     52 |   1 |  795.0 |
      Gauntlet |   1327 |   1327 |      0 |    484 |    280 |   1 | 1327.0 |
               +--------+--------+--------+--------+--------+-----+--------+

Top non-repeatable levels by time:
   Zot:4: 4864 daAuts
   Zot:1: 4398 daAuts
   Zot:5: 4246 daAuts
    D:15: 3876 daAuts
  Lair:3: 3485 daAuts
     D:9: 2969 daAuts
   Elf:3: 2946 daAuts
  Lair:1: 2882 daAuts
  Lair:2: 2864 daAuts
Depths:3: 2856 daAuts
  Lair:4: 2719 daAuts
   Zot:2: 2638 daAuts
Vaults:3: 2617 daAuts
Depths:4: 2581 daAuts
Vaults:2: 2422 daAuts
